 Dungeon Crawl Stone Soup version 0.30-a0-743-gbfdf073431 (webtiles) character file.

Game seed: 12630435893527166508

415 Grognak the Covered (level 6, -2/56 HPs)
             Began as a Minotaur Fighter on Feb 7, 2023.
             Slain by Sigmund
             ... wielding a +0 scythe
              (8 damage)
             ... on level 4 of the Dungeon.
             The game lasted 00:04:29 (2448 turns).

Grognak the Covered (Minotaur Fighter)              Turns: 2448, Time: 00:04:29

Health: -2/56      AC: 10    Str: 21    XL:     6   Next: 60%
Magic:  5/5        EV:  8    Int:  5    God:
Gold:   177        SH:  6    Dex: 11    Spells: 5/5 levels left

rFire   + . .      SeeInvis .    h - +3 whip
rCold   + . .      Faith    .    c - +1 buckler
rNeg    . . .      Spirit   .    q - +0 chain mail
rPois   .          Reflect  .    (helmet restricted)
rElec   .          Harm     .    (no cloak)
rCorr   .          Rampage  .    (no gloves)
Will    .....                    (no boots) Stlth
                                 (no amulet)
HPRegen 0.29/turn                f - ring of protection from fire
MPRegen 0.09/turn                s - ring of protection from cold

@: mighty
A: horns 2, retaliatory headbutt
a: no special abilities


You were on level 4 of the Dungeon.
You visited 1 branch of the dungeon, and saw 4 of its levels.

You collected 177 gold pieces.

Inventory:

Hand Weapons
 a - a +0 flail
 h - a +3 whip (weapon)
Armour
 c - a +1 buckler (worn)
 g - a scarf of harm
 q - a +0 chain mail (worn)
Jewellery
 b - an amulet of the acrobat
 f - a ring of protection from fire (left hand)
 s - a ring of protection from cold (right hand)
Scrolls
 j - 3 scrolls of teleportation
 n - a scroll of magic mapping
 o - 3 scrolls of fear
 r - a scroll of identify
Potions
 i - a potion of invisibility {unknown}
 l - 4 potions of flight {unknown}
 m - a potion of ambrosia {unknown}
 p - 2 potions of curing {unknown}


   Skills:
 * Level 5.0 Fighting
 * Level 5.0 Maces & Flails
 * Level 5.6 Armour
 * Level 1.9 Dodging
 + Level 0.1 Stealth
 * Level 4.7 Shields


You had 5 spell levels left.
You didn't know any spells.
Your spell library was empty.

Dungeon Overview and Level Annotations

Branches:
Dungeon (4/15)
 Temple: D:4-7

Altars:

Annotations:
D:4 Sigmund


Innate Abilities, Weirdness & Mutations

You have a pair of horns on your head.
You reflexively headbutt those who attack you in melee.


Message History

Something hits you but does no damage.
You feel much better. Something hits you but does no damage.
The orc priest closely misses you.
You bump into the rock wall.
You feel less confused.
The orc priest mumbles some strange prayers to Beogh against you.
Pain shoots through your body!
You hit the orc priest.
You kill the orc priest!
Something hits you.
You barely miss the orc. You block the orc's attack.
You hit the orc.
The orc is severely wounded.
Something hits you.
You hit the orc.
You kill the orc!
You hear some strange, mumbled words.
A puff of flame appears from out of thin air!
The puff of flame hits you. You resist.
You hear some strange, mumbled words.
Something tries to affect you, but you resist.
Items here: )))))) [[[ †††.
Something hits you but does no damage.
You miss something. You hit something. You headbutt something!
Something hits you but does no damage.
You hit something. Your headbutt misses something. You miss something.
Your headbutt misses something. Something hits you.
You miss something. Your headbutt misses something. You miss something.
You hit something but do no damage. Something hits you.
You closely miss something. You hit something. Something hits you.
* * * LOW HITPOINT WARNING * * *
You hit something. Your headbutt misses something. Something hits you!
* * * LOW HITPOINT WARNING * * *
You barely miss something.
You feel very mighty all of a sudden. Something hits you!
You die...

.. ##. ###. ... #.... .#
.... #.# #.... .. ..##
#.####.... .#
...####......... [#
........†# .. .#
.......).## .#.######
..........# ####........
..........###..)@.##
..........##..##{.....#
...................####
..........#...#......
.............##........
.....†....#####.........
..<.......# #..#####..
..........# #.## #.
...........>


There were no monsters in sight!

Vanquished Creatures
  A scorpion (D:3)
  3 orc priests
  3 orc wizards
  4 gnolls
  4 adders
  3 worms
  2 dart slugs (D:1)
  13 orcs
  10 ball pythons
  7 endoplasms
  3 giant cockroaches
  11 goblins
  10 hobgoblins
  4 quokkas
  6 bats
  2 frilled lizards
  7 kobolds
  2 rats (D:3)
95 creatures vanquished.

Notes
Turn   | Place    | Note
-------+----------+-------------------------------------------
     0 | D:1      | Grognak the Minotaur Fighter began the quest for the Orb.
     0 | D:1      | Reached XP level 1. HP: 19/19 MP: 0/0
    57 | D:1      | Reached XP level 2. HP: 19/27 MP: 1/1
   389 | D:1      | Reached XP level 3. HP: 31/33 MP: 2/2
   788 | D:1      | Found a faded altar of an unknown god.
   986 | D:2      | Reached XP level 4. HP: 29/41 MP: 3/3
  1322 | D:2      | Reached skill level 1 in Dodging
  1787 | D:3      | Noticed a scorpion
  1795 | D:3      | Killed a scorpion
  1796 | D:3      | Reached XP level 5. HP: 47/47 MP: 4/4
  1829 | D:3      | Reached skill level 5 in Armour
  2156 | D:4      | Reached XP level 6. HP: 31/55 MP: 5/5
  2383 | D:4      | Reached skill level 5 in Fighting
  2401 | D:4      | Noticed Sigmund
  2410 | D:4      | Reached skill level 5 in Maces & Flails
  2448 | D:4      | Slain by Sigmund

Illustrated notes

Levels and vault maps discovered:
D:1:      tarquinn_simple_flora_water_a, layout_basic,
          ebering_ecumenical_altar_box, minivault_14, corexii_leaking_fountain
D:2:      layout_loops_ring
D:3:      layout_rooms
D:4:      layout_rooms, trog_hazing_becter, uniq_sigmund, uniq_blork_the_orc

Skill      XL: |  1  2  3  4  5  6 |
---------------+-------------------+-----
Fighting       | 4 5 |  5.0
Armour         | 4 5 |  5.6
Shields        | 4 |  4.7
Maces & Flails | 3 4 5 |  5.0
Dodging        | 1 |  1.9
Stealth        | |  0.1

Action                     |  1- 3 |  4- 6 || total
---------------------------+-------+-------++-------
  Melee: Flail             |    66 |       ||    66
         Headbutt          |     6 |    22 ||    28
         Whip              |       |   193 ||   193
  Throw: Throwing net      |       |     1 ||     1
    Use: Scroll            |     3 |     2 ||     5
         Potion            |       |     2 ||     2
 Armour: Scale mail        |    29 |    15 ||    44
         Chain mail        |       |    68 ||    68
  Dodge: Dodged            |    30 |    60 ||    90
  Block: Buckler           |     9 |    38 ||    47

Table legend: (Time is in decaauts)
 A = Elapsed time spent in this place.
 B = Non-inter-level travel time spent in this place.
 C = Inter-level travel time spent in this place.
 D = Time resting spent in this place.
 E = Time spent auto-exploring this place.
 F = Levels seen in this place.
 G = Mean time per level.
                   A        B        C        D        E       F      G
               +--------+--------+--------+--------+--------+-----+--------+
         Total |   2454 |   2369 |     85 |     99 |   1685 |   4 |  613.5 |
       Dungeon |   2454 |   2369 |     85 |     99 |   1685 |   4 |  613.5 |
               +--------+--------+--------+--------+--------+-----+--------+

Top non-repeatable levels by time:
     D:1: 972 daAuts
     D:2: 624 daAuts
     D:3: 550 daAuts
     D:4: 306 daAuts
